 Dungeon Crawl Stone Soup version 0.30.0-5-g1a98f26d00 (webtiles) character file.

Game seed: 3727922144156654385

235 qeuew the Sneak (level 5, -1/27 HPs)
             Began as a Spriggan Brigand on May 11, 2023.
             Slain by a gnoll
             ... wielding a +0 flail
              (13 damage)
             ... on level 3 of the Dungeon.
             The game lasted 00:02:22 (1862 turns).

qeuew the Sneak (Spriggan Brigand)                  Turns: 1862, Time: 00:02:23

Health: -1/27      AC:  4    Str:  7    XL:     5   Next: 76%
Magic:  18/18      EV: 18    Int: 10    God:
Gold:   80         SH:  0    Dex: 19    Spells: 8/8 levels left

rFire   + . .        a - +2 dagger
rCold   . . .        (no shield)
rNeg    . . .        b - +0 robe
rPois   .            (helmet restricted)
rElec   .            c - +1 cloak
rCorr   .            (gloves unavailable)
SInv    +            (boots unavailable)
Will    .....        (no amulet)
Stlth   ++++         h - ring of magical power
HPRegen 0.24/turn    (no ring)
MPRegen 0.16/turn

%: no passive effects
@: very quick
A: very small, no large weapons, unfitting armour, see invisible, speed 3, dopey
1, fire resistance 1, high MP 1
a: no special abilities


You were on level 3 of the Dungeon.
You visited 1 branch of the dungeon, and saw 3 of its levels.

You collected 80 gold pieces.

Inventory:

Hand Weapons
 a - a +2 dagger (weapon)
Missiles
 d - 18 poisoned darts (quivered)
 f - 3 curare-tipped darts
Armour
 b - a +0 robe (worn)
 c - a +1 cloak (worn)
Jewellery
 h - a ring of magical power (left hand)
Scrolls
 j - a scroll of magic mapping {unknown}
 m - a scroll of poison
Potions
 e - a potion of resistance {unknown}
 g - 2 potions of brilliance
 i - a potion of might


   Skills:
 + Level 2.3 Fighting
 + Level 3.2 Short Blades
 + Level 2.9 Throwing
 + Level 3.1 Dodging
 * Level 7.6 Stealth
 + Level 2.0 Spellcasting


You had 8 spell levels left.
You didn't know any spells.
Your spell library was empty.

Dungeon Overview and Level Annotations

Branches:
Dungeon (3/15)

Altars:
Okawaru

Annotations:
D:3 hito's ghost, amateur GrGl


Innate Abilities, Weirdness & Mutations

You are very small and have problems with some larger weapons.
You are too small for most types of armour.
You have supernaturally acute eyesight. (SInv)
You cover ground extremely quickly. (Speed+++)
You are dopey. (Int -2)
Your flesh is heat resistant. (rF+)
You have an increased reservoir of magic. (+10% MP)


Message History

You are too injured to fight recklessly!
You are too injured to fight recklessly!
You are too injured to fight recklessly!
You are too injured to fight recklessly!
You are too injured to fight recklessly!
You are too injured to fight recklessly!
You are too injured to fight recklessly!
You are too injured to fight recklessly!
You are too injured to fight recklessly!
You are too injured to fight recklessly!
You are too injured to fight recklessly!
You are too injured to fight recklessly!
You are too injured to fight recklessly!
You are too injured to fight recklessly!
You are too injured to fight recklessly!
You are too injured to fight recklessly!
You hit the gnoll.
The gnoll is almost dead.
The gnoll completely misses you. The gnoll barely misses you.
You hit the gnoll.
You kill the gnoll!
Your Spellcasting skill increases to level 2!
The gnoll misses you.
You see here a +0 spear.
You barely miss the gnoll. The gnoll closely misses you.
You hit the gnoll.
The gnoll is moderately wounded.
The gnoll completely misses you.
You hit the gnoll.
The gnoll is severely wounded.
The gnoll hits you with a +0 halberd.
You hit the gnoll.
The gnoll is almost dead.
The gnoll barely misses you.
You barely miss the gnoll.
The gnoll is almost dead.
You hit the gnoll.
You kill the gnoll!
You closely miss the gnoll. The gnoll hits you with a +0 flail!
You die...

.....$#.....
##..#..#...#..#.....
...#8..#W#.o8#.....
...##.....gK##.....
...## ######....##
.... ............
#.. ........#### #g#
#######.#### #@#
#..... #)# #.####
#.# #####'### #.#
#.......# ###.##
#.......# #....#
#####.### #.##.###
#.# ... #...## #.#
... ###..### #.#


You could see a gnoll.

Vanquished Creatures
  Sigmund (D:2)
  Robin (D:2)
  3 gnolls (D:3)
  A worm (D:2)
  2 orcs (D:3)
  2 ball pythons
  4 bats
  2 endoplasms
  7 goblins (D:2)
  5 hobgoblins (D:2)
  4 quokkas
  A frilled lizard (D:1)
  2 kobolds
  8 rats
43 creatures vanquished.

Notes
Turn   | Place    | Note
-------+----------+-------------------------------------------
     0 | D:1      | qeuew the Spriggan Brigand began the quest for the Orb.
     0 | D:1      | Reached XP level 1. HP: 10/10 MP: 2/2
    87 | D:1      | Reached skill level 6 in Stealth
   337 | D:1      | Reached XP level 2. HP: 15/15 MP: 3/3
   981 | D:2      | Noticed Sigmund
  1006 | D:2      | Killed Sigmund
  1007 | D:2      | Reached skill level 7 in Stealth
  1007 | D:2      | Reached skill level 1 in Spellcasting
  1007 | D:2      | Reached XP level 3. HP: 5/18 MP: 6/6
  1007 | D:2      | Reached XP level 4. HP: 6/23 MP: 7/7
  1007 | D:2      | Reached XP level 5. HP: 7/26 MP: 8/8
  1275 | D:2      | Found an iron altar of Okawaru.
  1295 | D:2      | Noticed Robin
  1577 | D:2      | Killed Robin
  1691 | D:2      | Gained mutation: You have an increased reservoir of magic.
                  | (+10% MP) [potion of mutation]
  1691 | D:2      | Gained mutation: You are dopey. (Int -2) [potion of
                  | mutation]
  1691 | D:2      | Gained mutation: Your flesh is heat resistant. (rF+)
                  | [potion of mutation]
  1807 | D:3      | Noticed hito's ghost (amateur GrGl)
  1862 | D:3      | Slain by a gnoll

Illustrated notes

Levels and vault maps discovered:
D:1:      erik_arrival_triangle_medium, layout_basic
D:2:      layout_rooms, basic_altar, uniq_sigmund, uniq_robin
D:3:      layout_basic, gammafunk_ghost_arena, serial_co_window_serial,
          co_window_paths_a, co_window_corner_a, co_window_paths_a,
          co_window_corner_a, co_window_cross_1, co_window_broadway_a,
          co_window_2corner, co_window_broadway_a, co_window_2corner,
          co_window_unsneaky_path_a, co_window_4corner_b, glass_columns_b,
          glass_columns_a, glass_columns_a, glass_columns_b, glass_columns_a

Skill      XL: |  1  2  3  4  5 |
---------------+----------------+-----
Stealth        | 6 7 |  7.6
Fighting       | 2 |  2.3
Short Blades   | 3 |  3.2
Dodging        | 2 3 |  3.1
Spellcasting   | 1 2 |  2.0
Throwing       | |  2.9

Action                     |  1- 3 |  4- 6 || total
---------------------------+-------+-------++-------
  Melee: Dagger            |    32 |   106 ||   138
         Punch             |       |     3 ||     3
  Throw: Dart              |     9 |       ||     9
    Use: Scroll            |     1 |     4 ||     5
         Potion            |       |     2 ||     2
   Stab: Sleeping          |     7 |     8 ||    15
 Armour: Robe              |     3 |    11 ||    14
  Dodge: Dodged            |    15 |   107 ||   122
